Map: Bel'Shir Vestige LE (Void)

Players

dallaskuken

  • Race: Protoss Protoss
  • League: Platinum
  • Spawn Location: 5:00

FrogMint - Winner!

  • Race: Zerg Zerg
  • Spawn Location: 11:00

VOD

Have the link to the VOD?

Description

Time

  • Played on: March 17, 2017, 6:03 p.m.
  • Length: 14:46
Show
View Real Time Build Order
Export as new Build Order

dallaskuken Protoss 

Build Orders: Oracle Opening 

Get SALT Encoding   

  12  0:01  Probe (Chrono Boost)  
  13  0:11  Probe (Chrono Boost)  
  14  0:23  Pylon, Probe (Chrono Boost)  
  15  0:42  Gateway  
  15  0:46  Pylon  
  15  0:51  Probe (Chrono Boost)  
  16  1:01  Probe (Chrono Boost)  
  16  1:03  Assimilator  
  17  1:12  Probe (Chrono Boost)  
  17  1:17  Assimilator  
  18  1:22  Probe (Chrono Boost)  
  19  1:33  Probe (Chrono Boost)  
  19  1:35  Cybernetics Core  
  20  1:43  Pylon, Probe (Chrono Boost)  
  21  1:50  Zealot  
  24  1:54  Probe (Chrono Boost)  
  24  2:04  Probe (Chrono Boost)  
  24  2:05  Pylon  
  25  2:10  Pylon  
  25  2:11  Warp Gate  
  25  2:15  Gateway  
  25  2:18  Probe (Chrono Boost)  
  26  2:28  Probe (Chrono Boost)  
  27  2:30  Pylon  
  27  2:37  Stalker  
  27  2:39  Probe (Chrono Boost)  
  30  2:53  Stargate  
  30  3:08  Sentry  
  34  3:20  Mothership Core (Chrono Boost)  
  34  3:38  Probe (Chrono Boost)  
  35  3:44  Nexus  
  35  3:46  Oracle  
  38  3:56  Stalker  
  40  4:07  Stalker  
  42  4:20  Pylon  
  42  4:22  Pylon  
  41  4:46  Gateway  
  41  4:48  Gateway  
  41  5:11  Fleet Beacon  
  41  5:40  Void Ray  
  45  5:56  Nexus  
  45  5:57  Pylon  
  45  5:58  Pylon  
  45  5:59  Pylon  
  45  6:17  Stalker x2  
  45  6:18  Stalker x2  
  53  6:32  Carrier  
  58  6:52  Probe (Chrono Boost)  
  59  7:03  Probe (Chrono Boost)  
  60  7:13  Probe (Chrono Boost)  
  61  7:24  Probe (Chrono Boost)  
  62  7:34  Probe (Chrono Boost)  
  50  7:47  Probe (Chrono Boost)  
  49  7:57  Stalker x2  
  49  7:58  Stalker, Probe (Chrono Boost)  
  56  8:08  Probe (Chrono Boost)  
  56  8:10  Probe (Chrono Boost)  
  58  8:19  Probe (Chrono Boost)  
  59  8:20  Probe (Chrono Boost)  
  58  8:31  Probe (Chrono Boost)  
  57  8:36  Probe (Chrono Boost)  
  57  8:41  Pylon  
  58  8:42  Pylon, Probe (Chrono Boost)  
  58  8:45  Pylon  
  58  8:46  Carrier  
  58  8:47  Probe (Chrono Boost)  
  66  8:52  Probe (Chrono Boost)  
  67  8:56  Stalker x2  
  67  8:57  Stalker, Probe (Chrono Boost)  
  75  9:03  Probe (Chrono Boost)  
  75  9:04  Assimilator  
  75  9:06  Assimilator  
  75  9:08  Probe (Chrono Boost)  
  76  9:13  Probe (Chrono Boost)  
  77  9:24  Stalker x3  
  83  9:41  Probe (Chrono Boost)  
  83  9:42  Forge  
  84  9:52  Probe (Chrono Boost)  
  85  10:03  Probe (Chrono Boost)  
  86  10:15  Stalker x2  
  87  10:30  Stalker x2  
  77  10:58  Stalker x4  
  79  11:33  Stalker x2  
  79  11:34  Stalker  
  85  12:01  Stalker  
  51  12:17  Robotics Facility  
  51  12:26  Photon Cannon  
  51  12:27  Photon Cannon  
  51  12:30  Photon Cannon  
  51  12:31  Photon Cannon  
  30  13:01  Sentry x3  
  36  13:11  Void Ray  
  40  13:23  Zealot  
  42  13:37  Stalker x2  
  46  13:51  Nexus  
Show
View Real Time Build Order
Export as new Build Order

FrogMint Zerg - Winner!

Build Orders: Hatch First 

Get SALT Encoding   

  12  0:01  Drone  
  13  0:13  Overlord  
  13  0:17  Drone  
  14  0:31  Drone  
  14  0:32  Drone  
  16  0:37  Drone  
  17  0:50  Drone  
  18  1:13  Drone  
  18  1:15  Hatchery, Extractor  
  17  1:18  Spawning Pool  
  17  1:19  Drone  
  17  1:30  Drone  
  17  1:32  Drone  
  19  1:39  Drone  
  20  1:50  Drone  
  21  2:08  Overlord  
  21  2:13  Queen  
  21  2:14  Extractor  
  22  2:21  Metabolic Boost  
  23  2:24  Overlord  
  23  2:28  Drone  
  24  2:35  Zergling x4  
  26  2:38  Queen  
  26  2:40  Drone  
  29  2:49  Queen  
  31  2:56  Zergling x6  
  34  3:23  Drone x4, Extractor  
  34  3:24  Hatchery  
  36  3:43  Drone  
  36  3:44  Drone x2  
  36  3:45  Overlord x2  
  39  3:51  Drone  
  39  3:52  Drone x2  
  39  3:55  Drone  
  43  3:56  Drone  
  44  4:16  Drone, Zergling x2  
  47  4:17  Zergling x2  
  47  4:23  Zergling x2  
  48  4:33  Zergling x4  
  48  4:35  Zergling x2  
  48  4:36  Zergling x6  
  54  4:40  Overlord x2  
  54  4:44  Queen  
  55  5:00  Lair  
  55  5:04  Hatchery  
  54  5:13  Spore Crawler  
  53  5:14  Spore Crawler  
  50  5:30  Drone x4  
  50  5:31  Drone x2  
  56  5:41  Drone x4  
  56  5:42  Drone x2  
  62  5:43  Drone  
  62  5:44  Drone  
  62  5:47  Drone x2  
  62  5:48  Drone  
  67  5:51  Drone x2, Overlord  
  67  5:53  Drone  
  67  6:13  Spore Crawler  
  67  6:17  Drone  
  67  6:18  Drone  
  68  6:21  Spore Crawler  
  67  6:30  Zergling x2  
  67  6:31  Spire  
  66  6:50  Infestation Pit  
  66  6:55  Spire  
  66  6:56  Zergling x2, Overlord x4  
  66  6:57  Overlord  
  66  7:03  Extractor x2  
  64  7:14  Zergling x4  
  62  7:34  Zergling x2  
  62  7:35  Zergling x28  
  69  7:46  Corruptor x4  
  77  8:06  Zergling x2  
  77  8:08  Zergling x12, Extractor  
  77  8:09  Extractor  
  71  8:28  Mutalisk x6, Zergling x2  
  76  8:34  Zerg Flyer Weapons Level 1  
  76  8:38  Drone x2  
  78  8:48  Corruptor x3  
  78  8:54  Corruptor  
  86  8:57  Overseer  
  86  9:04  Drone x2  
  86  9:05  Drone x5  
  93  9:10  Overlord  
  93  9:11  Overlord x2  
  92  9:20  Mutalisk x2  
  96  9:37  Drone x4  
  96  9:38  Drone  
  101  9:42  Overlord  
  101  9:43  Mutalisk x3  
  107  9:58  Corruptor  
  107  9:59  Hatchery, Corruptor x2  
  112  10:07  Infestation Pit  
  112  10:12  Drone x4  
  115  10:15  Hatchery  
  114  10:24  Corruptor x3  
  106  10:56  Mutalisk  
  104  10:57  Zergling x2  
  104  10:58  Zergling x24  
  117  11:14  Mutalisk  
  117  11:15  Zergling x8  
  112  11:27  Zergling x2  
  112  11:28  Zergling x8  
  113  11:33  Zergling x2  
  113  11:34  Zergling x6  
  113  11:37  Zergling x2  
  113  11:38  Zergling x36  
  117  11:47  Zergling x2  
  117  11:48  Zergling x10  
  121  11:58  Hive  
  115  12:16  Zergling x2  
  115  12:17  Zergling x32  
  115  12:22  Overlord x2  
  132  12:25  Queen  
  129  13:03  Mutalisk x2  
  129  13:04  Mutalisk x5  
  143  13:20  Greater Spire  
  143  13:39  Zergling x12  
  143  13:40  Zergling x6  
  152  13:48  Overlord  
  152  13:55  Drone x3  
Tags
 
Add a new tag
Caveats
  • Supply blocks, unpowered buildings, or Contaminate may cause inaccurate times.
  • Supply counts are checked every 10 seconds.